 Seeded DCSS version 0.30-a0-618-gd6c86c23d0 (webtiles) character file.

Game seed: 7827810942158885341 (custom seed)

1375 OTABOTABOTAB the Insei (level 8, 57/57 HPs)
             Began as an Octopode Transmuter on Jan 9, 2023.
             Quit the game on level 5 of the Dungeon.
             The game lasted 00:10:22 (4696 turns).

OTABOTABOTAB the Insei (Octopode Transmuter)        Turns: 4696, Time: 00:10:22

Health: 57/57      AC:  3    Str: 10    XL:     8   Next: 66%
Magic:  11/11      EV: 23    Int: 20    God:
Gold:   321        SH:  0    Dex: 12    Spells: 10/11 levels left

rFire   + . .      SeeInvis .      - Unarmed
rCold   + . .      Faith    .    (no shield)
rNeg    . . .      Spirit   .    e - +2 hat {Int+3}
rPois   .          Reflect  .    (no amulet)
rElec   .          Harm     .    E - +5 ring of evasion
rCorr   .          Rampage  .    F - ring of protection from fire {rF+, !d}
Will    .....                    C - ring of protection from cold {rC+, !d}
Stlth   +++                      n - +5 ring of evasion
HPRegen 0.29/turn                (no ring)
MPRegen 0.12/turn                (no ring)
                                 (no ring)
                                 (no ring)

@: no status effects
A: almost no armour, amphibious, 8 rings, camouflage 1, gelatinous body 1,
nimble swimmer 1, tentacles
a: no special abilities


You were on level 5 of the Dungeon.
You visited 1 branch of the dungeon, and saw 5 of its levels.

You collected 321 gold pieces.

Inventory:

Missiles
 h - a throwing net {!d}
 k - 2 boomerangs (quivered)
 o - 2 silver boomerangs
 s - 25 stones
 u - 3 javelins
Armour
 e - a +2 hat of intelligence (worn)
   (You acquired it on level 2 of the Dungeon)
Jewellery
 n - a +5 ring of evasion (on tentacle)
   (You found it on level 3 of the Dungeon)
 C - a ring of protection from cold (on tentacle) {rC+, !d}
   (You found it on level 4 of the Dungeon)
 E - a +5 ring of evasion (left tentacle)
   (You found it on level 1 of the Dungeon)
 F - a ring of protection from fire (right tentacle) {rF+, !d}
   (You found it on level 1 of the Dungeon)
Wands
 d - a wand of digging (3)
   (You found it on level 4 of the Dungeon)
 q - a wand of flame (12)
   (You took it off Duvessa on level 4 of the Dungeon)
Scrolls
 c - 6 scrolls of identify {unknown}
 f - a scroll of poison {unknown}
 i - a scroll of silence {unknown}
 m - 5 scrolls of teleportation {unknown}
 p - a scroll of enchant weapon {unknown}
 X - 3 scrolls of magic mapping {@r4!r}
Potions
 a - a potion of haste {unknown}
 b - 2 potions of ambrosia {unknown}
 g - 2 potions of curing {unknown}
 j - 2 potions of brilliance {unknown}
 l - a potion of might {unknown}
 r - a potion of attraction {unknown}
 t - a potion of flight {unknown}
 N - a potion of heal wounds {@q2}
 P - 2 potions of lignification {!q}


   Skills:
 + Level 5.9 Fighting
 - Level 2.0 Dodging
 + Level 6.7 Unarmed Combat
 - Level 2.0 Spellcasting
 + Level 6.2 Transmutations


You had 10 spell levels left.
You knew the following spells:

 Your Spells              Type           Power      Damage    Failure   Level
a - Beastly Appendage     Tmut           52%        N/A       1%          1

Your spell library contained the following spells:

 Spells                   Type           Power      Damage    Failure   Level
 Wereblood                Tmut           26%        N/A       1%          2
 Spider Form              Tmut/Pois      14%        N/A       13%         3
 Ice Form                 Ice/Tmut       14%        N/A       41%         4


Dungeon Overview and Level Annotations

Branches:
Dungeon (5/15)
 Temple: D:4-7

Altars:
Ashenzari

Shops:
D:2 =   D:4 *


Innate Abilities, Weirdness & Mutations

You cannot wear most types of armour.
You are amphibious.
You can wear up to eight rings at the same time.
Your skin changes colour to match your surroundings (Stealth+).
Your rubbery body absorbs attacks. (AC +1, EV +1)
You are camouflaged when in or above water. (Stealth+)
You have tentacles for arms and can constrict up to eight enemies at once.


Message History

You throw a boomerang. The boomerang hits the ogre.
The ogre shouts!
You throw a boomerang. The boomerang hits the ogre.
You throw a boomerang. The boomerang hits the ogre.
You throw a boomerang. The boomerang closely misses the ogre.
You throw a boomerang. The boomerang hits the ogre.
You bludgeon the ogre! The ogre completely misses you.
You barely miss the ogre. You squeeze the ogre!
You kill the ogre!
Unknown command.
No target in view!
No target in view!
You see here a +0 giant club.
Found a stone staircase leading down.
An adder comes into view.
You throw a boomerang. The boomerang hits the adder.
The adder hisses angrily.
You throw a boomerang. The boomerang hits the adder.
One of your tentacles grows a vicious spike.
Your +2 hat of intelligence melds into your body.
You feel stupid.
You now have 10/11 mp.
You throw a boomerang. The boomerang barely misses the adder.
Unknown command.
You tentacle-slap the adder.
You kill the adder!
No target in view!
No target in view!
No target in view!
Your tentacle spike disappears.
Your +2 hat of intelligence unmelds from your body.
You feel clever.
You hear the rapid rusting of a drain nearby.
There is a stone staircase leading down here.
You now have 321 gold pieces (gained 17).
You hear the rapid rusting of a drain nearby.
You hear the drain falling apart.
The walls and floor vibrate strangely for a moment.
Found a stone staircase leading up.
MP restored: 11 You see here a +0 club.
Items here: )) [ ÷÷÷.
You see here a +0 flail.
You enter the shallow water.
A giant cockroach comes into view.
A giant cockroach is nearby!
You throw a boomerang.
The boomerang hits the giant cockroach but does no damage.
You throw a boomerang.
The boomerang barely misses the giant cockroach.
You throw a boomerang. The boomerang hits the giant cockroach.
You throw a boomerang. The boomerang hits the giant cockroach.
You throw a boomerang.
The boomerang hits the giant cockroach but does no damage.
You throw a boomerang.
The boomerang hits the giant cockroach but does no damage.
You tentacle-slap the giant cockroach but do no damage.
You grab the giant cockroach. You squeeze the giant cockroach.
You kill the giant cockroach!
No target in view!
No target in view!
You see here a giant cockroach corpse.
A rat comes into view.
A rat is nearby!
You throw a boomerang. The boomerang hits the rat.
You throw a boomerang. The boomerang hits the rat.
You kill the rat!
No target in view!
No target in view!
No target in view!
No target in view!
You see here a rat corpse.
A rat comes into view.
You throw a boomerang. The boomerang hits the rat.
You kill the rat!
No target in view!
No target in view!
No target in view!
A giant cockroach comes into view.
A giant cockroach is nearby!
You throw a boomerang. The boomerang hits the giant cockroach.
You throw a boomerang. The boomerang hits the giant cockroach.
You kill the giant cockroach!
No target in view!
No target in view!
Done exploring.
Done exploring.
Done exploring.
Done exploring.
Okay, then.
Done exploring.
Done exploring.
Saving game... please wait.
Bad channel name for runrest: 'Jiyva says: Divide and consume' Welcome back, OTABOTABOTAB the Octopode Transmuter.
Game seed: 7827810942158885341 (custom seed) Saving game... please wait.
Bad channel name for runrest: 'Jiyva says: Divide and consume' Welcome back, OTABOTABOTAB the Octopode Transmuter.
Game seed: 7827810942158885341 (custom seed)

#...#.#.............#.#####...##.
#.#.#.#.###....#.....).).........
#.._..#.# #.#.####.#######.#####.
#.#.#.#.# #..##~~####~~###.### #.
#.#.###.###...~~†~~~~~~~##...###.
.......#.##.###~~####~~####...##.
###.###.###...####~~##~###.....#.
#..#### #...#~~†~~~#~#.........
####.# ##..#~@~~.~#~###.....#.
...#.# ##.#~##~~##†#.........
##.#.# ###~~####~~###.#.####
#..#.# #~~~~~~~~~~##....# #.##)#
##~~####~~##.....# #....#
####.#######....# ###### #.#
#.#### .....# #.# #)# # ####.#
#.# #.#### #


There were no monsters in sight!

Vanquished Creatures
  Grinder (D:4)
  Duvessa (D:4)
  2 ogres (D:5)
  Blork the orc (D:5)
  2 phantoms
  2 scorpions (D:5)
  Dowan (D:4)
  3 hounds
  2 orc priests (D:3)
  4 iguanas
  Robin (D:4)
  3 gnolls (D:2)
  8 adders
  2 ufetubi
  3 worms
  4 dart slugs
  25 orcs
  5 bats
  8 endoplasms
  4 giant cockroaches
  16 goblins
  10 hobgoblins
  2 jackals (D:2)
  6 kobolds
  6 quokkas
  9 ball pythons
  A frilled lizard (D:3)
  4 rats
136 creatures vanquished.

Vanquished Creatures (others)
  6 plants (D:3)
6 creatures vanquished.

Grand Total: 142 creatures vanquished

Notes
Turn   | Place    | Note
-------+----------+-------------------------------------------
     0 | D:1      | OTABOTABOTAB the Octopode Transmuter began the quest for
                  | the Orb.
     0 | D:1      | Reached XP level 1. HP: 13/13 MP: 3/3
   133 | D:1      | Reached XP level 2. HP: 18/18 MP: 1/5
   526 | D:1      | Reached XP level 3. HP: 24/24 MP: 6/6
   986 | D:2      | Reached skill level 2 in Fighting
  1094 | D:2      | Identified a scroll of acquirement
  1094 | D:2      | Acquired a +2 hat of intelligence
  1229 | D:2      | Reached XP level 4. HP: 15/29 MP: 5/7
  1232 | D:2      | Reached skill level 3 in Transmutations
  1356 | D:2      | Found Gatoir's One-of-a-Kind Rings.
  1929 | D:3      | Reached skill level 4 in Unarmed Combat
  1929 | D:3      | Reached XP level 5. HP: 29/35 MP: 6/8
  1962 | D:3      | Found a faded altar of an unknown god.
  2308 | D:3      | Reached skill level 3 in Fighting
  2481 | D:3      | Reached XP level 6. HP: 41/42 MP: 7/9
  2648 | D:4      | Noticed Grinder
  2668 | D:4      | Killed Grinder
  2669 | D:4      | Reached skill level 4 in Fighting
  2669 | D:4      | Reached skill level 5 in Unarmed Combat
  2669 | D:4      | Reached skill level 4 in Transmutations
  2783 | D:4      | Noticed Dowan
  2818 | D:4      | Noticed Robin
  2824 | D:4      | Reached XP level 7. HP: 45/48 MP: 8/10
  2830 | D:4      | Killed Robin
  3179 | D:4      | Noticed Duvessa
  3187 | D:4      | Killed Duvessa
  3188 | D:4      | Reached skill level 5 in Transmutations
  3196 | D:4      | HP: 8/49 [Dowan/shard of ice (14)]
  3201 | D:4      | Killed Dowan
  3349 | D:4      | Found Jakkoa's Fire Supplies.
  3767 | D:5      | Entered Level 5 of the Dungeon
  3787 | D:5      | Reached skill level 5 in Fighting
  3787 | D:5      | Reached XP level 8. HP: 55/55 MP: 11/11
  3885 | D:5      | Reached skill level 6 in Unarmed Combat
  3955 | D:5      | Noticed Blork the orc
  3968 | D:5      | Killed Blork the orc
  4088 | D:5      | Found a broken altar of Ashenzari.
  4288 | D:5      | Reached skill level 6 in Transmutations
  4291 | D:5      | HP: 7/57 [worm (11)]
  4696 | D:5      | Upgraded the game from 0.30-a0-613-gdd512c7efb to
                  | 0.30-a0-618-gd6c86c23d0
  4696 | D:5      | Quit the game

Illustrated notes

Levels and vault maps discovered:
D:1:      shiori_arrival_maze, layout_loops_ring
D:2:      layout_loops_ring, nicolae_shop_unique_rings, dreamdust_wishing_well,
          dk_noncrumbling_4, st_stairs_14
D:3:      layout_loops_ring, shapermc_ecumenical_altar_mp_ritualfount
D:4:      layout_basic, nicolae_shop_fire_sale [nicolae_sub_dead_trees],
          minmay_box_of_dots, uniq_duvessa, uniq_grinder, uniq_robin
D:5:      layout_loops_ring, ashenzari_altar_1, gup_sewer_entry_bubbles,
          patterned_corridor, uniq_blork_the_orc

Skill      XL: |  1  2  3  4  5  6  7  8 |
---------------+-------------------------+-----
Fighting       | 2 3 4 5 |  5.9
Transmutations | 3 4 5 6 |  6.2
Unarmed Combat | 4 5 6 |  6.7
Dodging        | |  2.0
Spellcasting   | |  2.0

Action                   |  1- 3 |  4- 6 |  7- 9 || total
-------------------------+-------+-------+-------++-------
Melee: Unarmed           |    74 |    88 |   106 ||   268
       Constrict         |    18 |    28 |    26 ||    72
       Tentacles         |    12 |    17 |    31 ||    60
       Punch             |     6 |     7 |     5 ||    18
       Kick              |    12 |    20 |    28 ||    60
Throw: Stone             |    30 |    10 |     5 ||    45
       Javelin           |       |    47 |    17 ||    64
       Boomerang         |       |       |    59 ||    59
 Cast: Beastly Appendage |    18 |     9 |    12 ||    39
 Abil: End Transformatio |    12 |     4 |     6 ||    22
  Use: Scroll            |     5 |       |       ||     5
       Potion            |       |     1 |     3 ||     4
 Stab: Sleeping          |     4 |     2 |       ||     6
Armor: Skin              |     3 |     4 |     2 ||     9
Dodge: Dodged            |    55 |    66 |    84 ||   205

Table legend: (Time is in decaauts)
 A = Elapsed time spent in this place.
 B = Non-inter-level travel time spent in this place.
 C = Inter-level travel time spent in this place.
 D = Time resting spent in this place.
 E = Time spent auto-exploring this place.
 F = Levels seen in this place.
 G = Mean time per level.
                   A        B        C        D        E       F      G
               +--------+--------+--------+--------+--------+-----+--------+
         Total |   4723 |   4637 |     86 |    101 |   3660 |   5 |  944.6 |
       Dungeon |   4723 |   4637 |     86 |    101 |   3660 |   5 |  944.6 |
               +--------+--------+--------+--------+--------+-----+--------+

Top non-repeatable levels by time:
     D:4: 1132 daAuts
     D:1: 975 daAuts
     D:5: 937 daAuts
     D:3: 887 daAuts
     D:2: 790 daAuts

Table legend:
 A = Kills in this place as a percentage of kills in entire the game.
 B = Kills by you in this place as a percentage of kills by you in the entire game.
 C = Kills by friends in this place as a percentage of kills by friends in the entire game.
 D = Other kills in this place as a percentage of other kills in the entire game.
 E = Experience gained in this place as a percentage of experience gained in the entire game.
 F = Experience gained in this place divided by the number of levels of this place that you have seen.
                   A       B       C       D       E      F
               +-------+-------+-------+-------+-------+----------------------
         Total | 100.0 | 100.0 |   N/A |   N/A | 100.0 | 393.0
       Dungeon | 100.0 | 100.0 |   N/A |   N/A | 100.0 | 393.0
               +-------+-------+-------+-------+-------+----------------------
